Match 47401531
Unlisted

Match 47401531
End
Construct Infanterie Kompanie
Selects Luftwaffe Battlegroup
Grenadier Squad
MG 42 Machine Gun Team
GrW 34 Mortar Team
Construct Panzergrenadier Kompanie
Selects Stuka Strafing Run
Stuka Strafing Run
Panzergrenadier Squad
Panzergrenadier Officer Quarters
Stuka Strafing Run
Panzergrenadier Squad
Support Elements
Nebelwerfer 42 Rocket Launcher Team
Stuka Strafing Run
Nebelwerfer 42 Rocket Launcher Team
Phan
kamacura
Mr.Faraam
Green Sea Squash
2nd infantry division
⁂ | Mad_Korean
Implacable
jde513
0
0

Comments sign in to comment!

No comments posted yet!